 Dungeon Crawl Stone Soup version 0.28.0-45-g0d030f2227 (webtiles) character file.

Game seed: 7996026340751736138

202 Saba the Bolt Thrower (level 5, -2/33 HPs)
             Began as a Gargoyle Hunter on Apr 4, 2022.
             Slain by Pikel
             ... wielding a +2 whip of freezing
              (4 damage)
             ... on level 4 of the Dungeon.
             The game lasted 00:03:27 (3321 turns).

Saba the Bolt Thrower (Gargoyle Hunter)             Turns: 3321, Time: 00:03:28

Health: -2/33      AC: 10    Str: 18    XL:     5   Next: 80%
Magic:  5/5        EV: 10    Int: 11    God:
Gold:   110        SH:  0    Dex: 10    Spells: 4/4 levels left

rFire   . . .      SeeInvis .   b - +0 short sword
rCold   . . .      Faith    .   (no shield)
rNeg    + . .      Spirit   .   m - +0 scale mail
rPois   ∞          Reflect  .   (no helmet)
rElec   +          Harm     .   (no cloak)
rCorr   .          Rampage  .   (no gloves)
Will    .....                   (no boots)
Stlth   ..........              (no amulet)
HPRegen 0.11/turn               (no ring)
MPRegen 0.09/turn               (no ring)

@: no status effects
A: sickness immunity, AC +4, negative energy resistance 1, electricity
resistance, torment resistance 1, petrification resistance
a: no special abilities


You were on level 4 of the Dungeon.
You visited 1 branch of the dungeon, and saw 4 of its levels.

You collected 110 gold pieces.

Inventory:

Hand Weapons
 a - a +1 hand crossbow
 b - a +0 short sword (weapon)
 j - the +8 hunting sling of Conscience {flame, Str+4}
   (You found it on level 2 of the Dungeon)

   Any ammunition fired from it burns those it strikes, dealing additional fire
   damage.
   Str:       It affects your strength (+4).
Missiles
 d - 17 bolts
Armour
 m - a +0 scale mail (worn)
Wands
 o - a wand of polymorph (3)
Scrolls
 f - a scroll of summoning {unknown}
 g - 4 scrolls of identify {unknown}
 h - a scroll of torment {unknown}
 i - a scroll of immolation {unknown}
 n - a scroll of magic mapping {unknown}
 p - a scroll of enchant armour {unknown}
Potions
 c - a potion of mutation {unknown}
 e - a potion of ambrosia {unknown}
 k - 2 potions of curing {unknown}
 l - 2 potions of might {unknown}


   Skills:
 + Level 3.6 Fighting
 + Level 4.8 Crossbows
 + Level 2.7 Armour
 + Level 2.7 Dodging
 - Level 1.1 Stealth


You had 4 spell levels left.
You didn't know any spells.
Your spell library contained the following spells:

 Spells                   Type           Power      Damage    Failure   Level
 Blink                    Tloc           0%         N/A       86%         2
 Manifold Assault         Tloc           0%         N/A       100%        5
 Storm Form               Tmut/Air       0%         N/A       100%        7


Dungeon Overview and Level Annotations

Branches:
Dungeon (4/15)
 Temple: D:4-7

Altars:
Dithmenos
Trog

Shops:
D:1 *   D:2 !

Annotations:
D:4 Pikel


Innate Abilities, Weirdness & Mutations

You are immune to sickness and miasma.
Your stone body is resilient. (AC +4)
You are immune to poison.
You resist negative energy. (rN+)
You are resistant to electric shocks. (rElec)
You are resistant to unholy torment.
You are immune to petrification.


Message History

You barely miss the lemure.
The lemure is severely wounded.
Pikel barely misses you. The lemure hits you but does no damage.
You hit the lemure but do no damage.
The lemure is severely wounded.
The lemure hits you but does no damage.
Pikel hits you with a +2 whip of freezing.
Pikel freezes you.
You are too injured to fight recklessly!
You are too injured to fight recklessly!
You are too injured to fight recklessly!
You are too injured to fight recklessly!
You are too injured to fight recklessly!
You are too injured to fight recklessly!
You are too injured to fight recklessly!
You are too injured to fight recklessly!
The lemure hits you but does no damage.
Aiming: Polymorph
Press: ? - help, Shift-Dir - straight line, f - Pikel
Aim: Pikel, wielding a +2 whip of freezing and wearing a +0 robe (will become a basilisk, a swamp drake, or a human, chance to affect: 49%) Pikel resists with some effort.
Pikel hits you but does no damage.
Aiming: Polymorph
Press: ? - help, Shift-Dir - straight line, f/p - Pikel
Aim: Pikel, wielding a +2 whip of freezing and wearing a +0 robe (will become a basilisk, a swamp drake, or a human, chance to affect: 49%) Pikel resists with some effort.
Pikel hits you but does no damage.
Aiming: Polymorph
Press: ? - help, Shift-Dir - straight line, f/p - Pikel
Aim: Pikel, wielding a +2 whip of freezing and wearing a +0 robe (will become a basilisk, a swamp drake, or a human, chance to affect: 49%) Pikel resists with some effort.
Pikel hits you with a +2 whip of freezing.
Pikel freezes you.
* * * LOW HITPOINT WARNING * * *
Aiming: Polymorph
Press: ? - help, Shift-Dir - straight line, f/p - Pikel
Aim: Pikel, wielding a +2 whip of freezing and wearing a +0 robe (will become a basilisk, a swamp drake, or a human, chance to affect: 49%) Pikel resists with some effort.
Pikel hits you with a +2 whip of freezing!
* * * LOW HITPOINT WARNING * * *
Pikel freezes you.
You die...

###.. #.#
#.... #.#
#.#.#######.##
#.#...#.<....#
#.#)#.#.######
#5..#.#.#
#55...#.#
#K#.....#
#@#.#####
#<#.# ###.#
..# ###


You could see Pikel and 3 lemures.

Vanquished Creatures
  A crimson imp (D:4)
  An orc priest (D:4)
  2 hounds (D:4)
  3 adders
  An adder skeleton (D:4)
  A worm (D:3)
  7 orcs
  6 endoplasms
  3 goblins (D:3)
  5 hobgoblins
  2 quokkas
  4 ball pythons
  3 frilled lizards
  4 rats
43 creatures vanquished.

Notes
Turn   | Place    | Note
-------+----------+-------------------------------------------
     0 | D:1      | Saba the Gargoyle Hunter began the quest for the Orb.
     0 | D:1      | Reached XP level 1. HP: 12/12 MP: 1/1
   156 | D:1      | Found Ewness's General Store.
   775 | D:2      | Found Iskibit's Distillery.
   868 | D:2      | Found a faded altar of an unknown god.
   878 | D:2      | Reached XP level 2. HP: 14/18 MP: 2/2
   963 | D:2      | Identified the +8 hunting sling of Conscience {flame,
                  | Str+4}
  1629 | D:3      | Reached skill level 1 in Armour
  1910 | D:3      | Reached XP level 3. HP: 21/22 MP: 3/3
  2430 | D:4      | Found a bloodstained altar of Trog.
  2461 | D:4      | Reached XP level 4. HP: 23/28 MP: 4/4
  2714 | D:4      | Noticed Grinder
  2716 | D:4      | Paralysed by Grinder for 7 turns
  2723 | D:4      | Noticed Grinder
  2723 | D:4      | Grinder changed into Grinder the crimson imp
  2728 | D:4      | Killed Grinder the crimson imp
  2729 | D:4      | Reached XP level 5. HP: 27/32 MP: 5/5
  2822 | D:4      | Found a shadowy altar of Dithmenos.
  2987 | D:4      | Noticed Blork the orc
  3003 | D:4      | Noticed Blork
  3003 | D:4      | Blork the orc changed into Blork the hound
  3005 | D:4      | Killed Blork the hound
  3297 | D:4      | Noticed a lemure
  3303 | D:4      | Noticed a lemure
  3308 | D:4      | Noticed Pikel
  3310 | D:4      | Noticed a lemure
  3311 | D:4      | Noticed a lemure
  3321 | D:4      | Slain by Pikel

Illustrated notes

Levels and vault maps discovered:
D:1:      nzn_arrival_water_spiral, layout_basic, serial_shops, shop, hex_large
D:2:      layout_loops_ring, basic_ecumenical_altar, serial_shops, shop
D:3:      layout_rooms
D:4:      layout_basic, mainiacjoe_overflow_paths,
          grunt_dithmenos_smoke_and_mirrors, minmay_temple_entry_butterflies,
          kennysheep_donut, uniq_pikel, uniq_grinder, uniq_blork_the_orc

Skill      XL: |  1  2  3  4 |
---------------+-------------+-----
Armour         | 1 2 |  2.7
Dodging        | 2 |  2.7
Fighting       | 3 |  3.6
Crossbows      | |  4.8
Stealth        | |  1.1

Action                   |  1- 3 |  4- 6 || total
-------------------------+-------+-------++-------
Melee: Short sword       |   108 |    53 ||   161
       Punch             |     2 |       ||     2
 Fire: Hand crossbow     |     2 |    20 ||    22
Evoke: Wand              |       |     7 ||     7
Armor: Leather armour    |     3 |       ||     3
       Scale mail        |    33 |    36 ||    69
Dodge: Dodged            |    46 |    33 ||    79
